San Jose Sharks vs Vancouver Canucks

Created - lundi 11 février 2019 at 19:00

Goals
1 2 3 T
San Jose Sharks 0 2 2 4
Vancouver Canucks 0 1 0 1
Shots
1 2 3 T
San Jose Sharks 3 8 13 24
Vancouver Canucks 3 6 8 17

1st period

No Goal

Penalties :
Alexei Emelin (VAN) for High sticking (Minor) at 13:56, Clayton Keller (SJS) for Holding (Minor) at 17:59

2nd period

1. San Jose Sharks , Kevin Labanc 15 (Chris Tierney 15, Brent Burns 25) at 1:00 (PP)
2. San Jose Sharks , Chris Tierney 14 (Kevin Labanc 15, Brent Burns 26) at 3:19
3. Vancouver Canucks , Cal Clutterbuck 16 (Bo Horvat 34, Matt Calvert 24) at 3:29

Penalties :
Matt Calvert (VAN) for Hooking (Minor) at 0:19

3rd period

4. San Jose Sharks , Kevin Labanc 16 (Brent Burns 27, Chris Tierney 16) at 0:06
5. San Jose Sharks , Kevin Labanc 17 (Chris Tierney 17) at 5:24 (PP)

Penalties :
Troy Stecher (VAN) for Roughing (Minor) at 5:18, Darren Archibald (VAN) for Hooking (Minor) at 8:32

Goalie Stats

Cam Talbot (SJS), 16 saves from 17 shots - (0.941), W, 22-20-15, 60:00 minutes
Jacob Markstrom (VAN), 12 saves from 16 shots - (0.750), L, 18-23-11, 45:24 minutes
Thatcher Demko (VAN), 8 saves from 8 shots - (1.000), 14:36 minutes

Players Stats for San Jose Sharks

Player Name              G  A  P  +/- PIM S  H  SB GA TA FO     MP     PP MP  PK MP  
------------------------------------------------------------------------------------
Andre Burakovsky         0  0  0   0  0   0  3  0  2  0  0/0    16:08   0:02   0:41 
Anthony Cirelli          0  0  0   0  0   2  3  0  2  0  1/3    12:02   0:00   0:38 
Brent Burns              0  3  3   2  0   3  3  0  2  3  0/0    26:23   2:24   0:47 
Chris Tierney            1  3  4   2  0   3  1  0  0  0  15/22  18:29   2:15   0:52 
Christian Dvorak         0  0  0   0  0   2  2  1  0  0  3/7    14:06   0:12   0:00 
Clayton Keller           0  0  0  -1  2   2  4  0  0  0  0/3    16:56   2:28   0:00 
Drew Stafford            0  0  0   0  0   0  1  0  0  0  0/0    12:00   0:00   0:00 
Joakim Ryan              0  0  0  -1  0   0  0  0  1  0  0/0    24:27   2:21   0:47 
Karl Alzner              0  0  0   2  0   1  3  3  0  0  0/0    25:06   2:24   1:12 
Kevin Labanc             3  1  4   2  0   6  3  0  2  1  0/1    16:47   2:15   0:00 
Logan Couture            0  0  0  -1  0   2  1  0  1  1  7/16   19:23   2:28   1:04 
Marian Gaborik           0  0  0   0  0   0  0  0  0  0  0/0     0:45   0:00   0:00 
Mike Reilly              0  0  0   0  0   0  2  2  0  0  0/0    15:34   0:00   0:00 
Mikkel Boedker           0  0  0  -1  0   0  3  0  0  0  0/0    17:34   2:20   0:40 
Roman Polak              0  0  0  -1  0   0  5  2  0  1  0/0    21:21   2:21   1:12 
Timo Meier               0  0  0   2  0   1  1  0  0  0  0/1    16:47   2:15   0:00 
Tommy Wingels            0  0  0   0  0   1  1  0  0  0  0/0    10:39   0:00   0:03 
Tyler Ennis              0  0  0   0  0   1  3  0  0  0  0/1    13:33   0:00   0:00 

Players Stats for Vancouver Canucks

Player Name              G  A  P  +/- PIM S  H  SB GA TA FO     MP     PP MP  PK MP  
------------------------------------------------------------------------------------
Alex Biega               0  0  0   0  0   0  2  0  0  1  0/0    22:54   1:18   3:15 
Alexei Emelin            0  0  0  -1  2   0  0  0  2  0  0/0    20:05   0:41   0:51 
Andrew Ladd              0  0  0  -1  0   3  2  0  1  1  0/0    17:35   0:02   1:17 
Artem Anisimov           0  0  0   0  0   0  0  0  0  0  3/3    10:48   0:02   0:49 
Ben Hutton               0  0  0   0  0   1  2  0  0  0  0/0    19:05   0:41   3:02 
Bo Horvat                0  1  1   0  0   3  2  1  0  2  12/21  19:53   0:59   2:16 
Cal Clutterbuck          1  0  1   0  0   1  2  0  0  1  1/3    20:17   1:00   1:57 
Connor Murphy            0  0  0   0  0   0  2  2  0  1  0/0    16:32   0:00   0:19 
Dan Hamhuis              0  0  0   0  0   1  0  2  0  1  0/0    20:53   1:18   0:08 
Darren Archibald         0  0  0   0  2   0  0  2  0  0  0/0    15:48   1:00   1:05 
David Desharnais         0  0  0  -1  0   0  1  0  0  0  4/12   16:03   0:57   0:00 
Jake Virtanen            0  0  0   0  0   1  1  0  3  0  0/0    12:38   0:00   0:00 
Jason Garrison           0  0  0   0  0   0  0  0  0  0  0/0     0:20   0:00   0:00 
Logan Shaw               0  0  0   0  0   1  3  0  0  0  7/14   19:43   1:00   1:54 
Matt Calvert             0  1  1   0  2   1  2  1  0  0  1/1    18:09   0:57   0:12 
Richard Panik            0  0  0   0  0   2  0  0  0  0  0/0     7:59   0:00   0:00 
Ryan Callahan            0  0  0  -1  0   1  2  0  0  2  0/0    16:27   0:00   0:00 
Troy Stecher             0  0  0  -1  2   2  2  1  0  1  0/0    20:01   0:00   1:55 

3 Stars

1 - Kevin Labanc (SJS)
2 - Chris Tierney (SJS)
3 - Brent Burns (SJS)

Power Play

San Jose Sharks - 2 on 5 Attempt(s) - 40.00%
Vancouver Canucks - 0 on 1 Attempt(s) - 0.00%

Penalty Kill

San Jose Sharks - 1 on 1 Attempt(s) - 100.00% - Score 0 goal in Penalty Kill
Vancouver Canucks - 3 on 5 Attempt(s) - 60.00% - Score 0 goal in Penalty Kill

Team Stat

San Jose Sharks - Hits : 39 - Faceoff Wins : 26 - Blocked Shots : 8 - Penalty Minutes : 2
Vancouver Canucks - Hits : 23 - Faceoff Wins : 28 - Blocked Shots : 9 - Penalty Minutes : 8

Official

Referees : Dean Morton and Dan O'Halloran
Linesman : Pierre Racicot and Jay Sharrers

Game Notes

11:42 of 1st period - Penalty Shot by Logan Shaw for Vancouver Canucks - Stopped by Cam Talbot
Kevin Labanc has scored a Hat Trick!
Thatcher Demko enters game at 5:24 of 3rd period

Finance

Level 1 -- Attendance: 9666 (96.66%) -- Ticket Income fr. 773'280
Level 2 -- Attendance: 2000 (100.00%) -- Ticket Income fr. 124'000
Level 3 -- Attendance: 3199 (91.40%) -- Ticket Income fr. 108'766
Level 4 -- Attendance: 1416 (97.66%) -- Ticket Income fr. 28'320
Luxury Box -- Attendance: 50 (100.00%) -- Ticket Income fr. 10'000
Game was played at the Rogers Arena.
Total Attendance: 16331 (96.06%)
Total Ticket Income: fr. 1'044'366
Total Income: fr. 1'044'366

San Jose Sharks

5 vs 5 Forward 
   Center                   Left Wing                Right Wing               Time % Phy DF OF 
 1 Logan Couture            Clayton Keller           Mikkel Boedker           30     1   2  2  
 2 Chris Tierney            Timo Meier               Kevin Labanc             30     1   2  2  
 3 Christian Dvorak         Andre Burakovsky         Tyler Ennis              25     1   2  2  
 4 Anthony Cirelli          Drew Stafford            Tommy Wingels            15     1   2  2  

5 vs 5 Defense 
   Defense                  Defense                                           Time % Phy DF OF 
 1 Brent Burns              Karl Alzner                                       30     1   2  2  
 2 Joakim Ryan              Roman Polak                                       30     1   2  2  
 3 Joakim Ryan              Mike Reilly                                       25     1   2  2  
 4 Brent Burns              Karl Alzner                                       15     1   2  2  

PowerPlay Forward 
   Center                   Left Wing                Right Wing               Time % Phy DF OF 
 1 Logan Couture            Clayton Keller           Mikkel Boedker           50     1   2  2  
 2 Chris Tierney            Timo Meier               Kevin Labanc             50     1   2  2  

PowerPlay Defense
   Defense                  Defense                                           Time % Phy DF OF 
 1 Brent Burns              Karl Alzner                                       50     1   2  2  
 2 Joakim Ryan              Roman Polak                                       50     1   2  2  

Penalty Kill 4 Players Forward 
   Center                   Wing                     Time % Phy DF OF 
 1 Logan Couture            Clayton Keller           50     1   2  2  
 2 Chris Tierney            Mikkel Boedker           50     1   2  2  

Penalty Kill 4 Players Defense
   Defense                  Defense                  Time % Phy DF OF 
 1 Roman Polak              Karl Alzner              50     1   2  2  
 2 Brent Burns              Joakim Ryan              50     1   2  2  

Penalty Kill - 3 Players Forward 
   Forward                                           Time % Phy DF OF 
 1 Logan Couture                                     50     1   2  2  
 2 Clayton Keller                                    50     1   2  2  

Penalty Kill - 3 Players Defense
   Defense                  Defense                  Time % Phy DF OF 
 1 Brent Burns              Karl Alzner              50     1   2  2  
 2 Joakim Ryan              Roman Polak              50     1   2  2  

4 vs 4 Forward 
   Center                   Wing                     Time % Phy DF OF 
 1 Logan Couture            Clayton Keller           50     1   2  2  
 2 Chris Tierney            Mikkel Boedker           50     1   2  2  

4 vs 4 Defense
   Defense                  Defense                  Time % Phy DF OF 
 1 Brent Burns              Karl Alzner              50     1   2  2  
 2 Mike Reilly              Roman Polak              50     1   2  2  

Last Minutes Offensive
   Center                   Left Wing                Right Wing               Defense                  Defense                  
   Logan Couture            Clayton Keller           Mikkel Boedker           Brent Burns              Karl Alzner              

Last Minutes Defensive
   Center                   Left Wing                Right Wing               Defense                  Defense                  
   Logan Couture            Clayton Keller           Mikkel Boedker           Brent Burns              Karl Alzner              

Goaltenders
Starting : Cam Talbot               
Backup : Reto Berra               

Extra Forwards
Normal : Christian Dvorak, Timo Meier, Anthony Cirelli - PP : Christian Dvorak, Timo Meier - PK : Anthony Cirelli
Extra Defensemen
Normal : Joakim Ryan, Mike Reilly, Karl Alzner - PP : Joakim Ryan - PK : Mike Reilly, Karl Alzner
Penalty Shots
Logan Couture, Clayton Keller, Chris Tierney, Mikkel Boedker, Christian Dvorak
Custom OT Lines Forwards
Logan Couture, Clayton Keller, Chris Tierney, Mikkel Boedker, Christian Dvorak, Timo Meier, Kevin Labanc, Andre Burakovsky, Anthony Cirelli, Tyler Ennis
Custom OT Lines Defensemen
Brent Burns, Karl Alzner, Mike Reilly, Roman Polak, Joakim Ryan

Scratches
Jimmy Hayes (Healthy), Marcus Sorensen (Healthy), Travis Dermott (Healthy)

Vancouver Canucks

5 vs 5 Forward 
   Center                   Left Wing                Right Wing               Time % Phy DF OF 
 1 Bo Horvat                Matt Calvert             Cal Clutterbuck          33     1   1  3  
 2 David Desharnais         Andrew Ladd              Ryan Callahan            31     1   1  3  
 3 Logan Shaw               Darren Archibald         Jake Virtanen            26     1   1  3  
 4 Artem Anisimov           Richard Panik            Logan Shaw               10     1   3  1  

5 vs 5 Defense 
   Defense                  Defense                                           Time % Phy DF OF 
 1 Dan Hamhuis              Alex Biega                                        35     1   2  2  
 2 Troy Stecher             Alexei Emelin                                     35     1   2  2  
 3 Ben Hutton               Connor Murphy                                     28     1   3  1  
 4 Dan Hamhuis              Alex Biega                                        2      1   3  1  

PowerPlay Forward 
   Center                   Left Wing                Right Wing               Time % Phy DF OF 
 1 David Desharnais         Matt Calvert             Bo Horvat                60     1   1  3  
 2 Logan Shaw               Darren Archibald         Cal Clutterbuck          40     1   1  3  

PowerPlay Defense
   Defense                  Defense                                           Time % Phy DF OF 
 1 Dan Hamhuis              Alex Biega                                        60     1   1  3  
 2 Alexei Emelin            Ben Hutton                                        40     1   1  3  

Penalty Kill 4 Players Forward 
   Center                   Wing                     Time % Phy DF OF 
 1 Bo Horvat                Cal Clutterbuck          50     1   4  0  
 2 Logan Shaw               Darren Archibald         50     1   4  0  

Penalty Kill 4 Players Defense
   Defense                  Defense                  Time % Phy DF OF 
 1 Alexei Emelin            Troy Stecher             50     1   4  0  
 2 Ben Hutton               Alex Biega               50     1   4  0  

Penalty Kill - 3 Players Forward 
   Forward                                           Time % Phy DF OF 
 1 Bo Horvat                                         50     1   4  0  
 2 Darren Archibald                                  50     1   4  0  

Penalty Kill - 3 Players Defense
   Defense                  Defense                  Time % Phy DF OF 
 1 Alexei Emelin            Troy Stecher             50     1   4  0  
 2 Alex Biega               Ben Hutton               50     1   4  0  

4 vs 4 Forward 
   Center                   Wing                     Time % Phy DF OF 
 1 David Desharnais         Bo Horvat                55     0   1  4  
 2 Logan Shaw               Matt Calvert             45     0   1  4  

4 vs 4 Defense
   Defense                  Defense                  Time % Phy DF OF 
 1 Dan Hamhuis              Troy Stecher             50     1   1  3  
 2 Ben Hutton               Alex Biega               50     1   1  3  

Last Minutes Offensive
   Center                   Left Wing                Right Wing               Defense                  Defense                  
   David Desharnais         Bo Horvat                Jake Virtanen            Dan Hamhuis              Alex Biega               

Last Minutes Defensive
   Center                   Left Wing                Right Wing               Defense                  Defense                  
   David Desharnais         Darren Archibald         Cal Clutterbuck          Ben Hutton               Dan Hamhuis              

Goaltenders
Starting : Jacob Markstrom          
Backup : Thatcher Demko           

Extra Forwards
Normal : Ryan Callahan, Darren Archibald, Matt Calvert - PP : Matt Calvert, Cal Clutterbuck - PK : Bo Horvat
Extra Defensemen
Normal : Alexei Emelin, Alex Biega, Dan Hamhuis - PP : Troy Stecher - PK : Ben Hutton, Alex Biega
Penalty Shots
David Desharnais, Bo Horvat, Matt Calvert, Jake Virtanen, Ryan Callahan
Custom OT Lines Forwards
David Desharnais, Bo Horvat, Cal Clutterbuck, Matt Calvert, Ryan Callahan, Jake Virtanen, Logan Shaw, Darren Archibald, Artem Anisimov, Andrew Ladd
Custom OT Lines Defensemen
Dan Hamhuis, Alex Biega, Troy Stecher, Ben Hutton, Alexei Emelin

Scratches
Brendan Gaunce (Healthy), Markus Granlund (Sprained Left Finger Injury), Matt Bartkowski (Healthy), Michael Chaput (Healthy), Adam Gaudette (Healthy)
Alex Formenton (Healthy)

% Time on Ice - San Jose Sharks

Lines # - Real PCT - Wanted PCT - Time Play
Normal Forward
1 - 27% - 30% - 14:35
2 - 27% - 30% - 14:32
3 - 25% - 25% - 13:33
4 - 20% - 15% - 10:36
Normal Defense
1 - 29% - 30% - 15:39
2 - 33% - 30% - 17:33
3 - 25% - 25% - 13:14
4 - 13% - 15% - 6:50
PP Forward
1 - 53% - 50% - 2:30
2 - 47% - 50% - 2:15
PP Defense
1 - 51% - 50% - 2:24
2 - 49% - 50% - 2:21
PK Forward
1 - 66% - 50% - 1:19
2 - 34% - 50% - 0:40
PK Defense
1 - 61% - 50% - 1:12
2 - 39% - 50% - 0:47
PK3 Forward
1 - 0% - 50%
2 - 0% - 50%
PK3 Defense
1 - 0% - 50%
2 - 0% - 50%
44 Forward
1 - 0% - 50%
2 - 0% - 50%
44 Defense
1 - 0% - 50%
2 - 0% - 50%
Last Minute Offensive  - 0:00
Last Minute Defensive  - 0:00
Total
Forward - 60:00
Defense - 60:00

% Time on Ice - Vancouver Canucks

Lines # - Real PCT - Wanted PCT - Time Play
Normal Forward
1 - 31% - 33% - 16:38
2 - 31% - 31% - 16:22
3 - 23% - 26% - 12:17
4 - 15% - 10% - 7:59
Normal Defense
1 - 34% - 35% - 18:20
2 - 35% - 35% - 18:53
3 - 29% - 28% - 15:20
4 - 1% - 2% - 0:43
PP Forward
1 - 50% - 60% - 0:59
2 - 50% - 40% - 1:00
PP Defense
1 - 66% - 60% - 1:18
2 - 34% - 40% - 0:41
PK Forward
1 - 44% - 50% - 2:05
2 - 56% - 50% - 2:40
PK Defense
1 - 56% - 50% - 2:39
2 - 44% - 50% - 2:06
PK3 Forward
1 - 0% - 50%
2 - 0% - 50%
PK3 Defense
1 - 0% - 50%
2 - 0% - 50%
44 Forward
1 - 0% - 55%
2 - 0% - 45%
44 Defense
1 - 0% - 50%
2 - 0% - 50%
Last Minute Offensive  - 0:00
Last Minute Defensive  - 0:00
Total
Forward - 60:00
Defense - 60:00

Play-by-Play

1st period


0:01 of 1st period - Logan Couture wins face-off versus Bo Horvat in neutral zone.
0:24 of 1st period - Snap shot by David Desharnais.
0:24 of 1st period - Shot Misses the Net.
1:49 of 1st period - Dan Hamhuis is hit by Timo Meier.
2:11 of 1st period - Snap shot by Christian Dvorak.
2:11 of 1st period - Shot Blocked by Bo Horvat.
2:13 of 1st period - Slapshot by Joakim Ryan.
2:13 of 1st period - Shot Blocked by Dan Hamhuis.
2:21 of 1st period - Slapshot by Anthony Cirelli.
2:21 of 1st period - Shot Misses the Net.
2:30 of 1st period - Icing by Dan Hamhuis.
2:31 of 1st period - Logan Couture wins face-off versus Logan Shaw in Vancouver Canucks zone.
3:04 of 1st period - Wrist shot by Kevin Labanc.
3:04 of 1st period - Shot Misses the Net.
3:06 of 1st period - Slapshot by Chris Tierney.
3:06 of 1st period - Shot Misses the Net.
3:42 of 1st period - Karl Alzner is hit by Logan Shaw and loses puck.
3:53 of 1st period - Connor Murphy is hit by Mikkel Boedker and loses puck.
4:07 of 1st period - Ryan Callahan is hit by Mikkel Boedker and loses puck.
4:20 of 1st period - Wrist shot by David Desharnais.
4:20 of 1st period - Shot Misses the Net.
4:26 of 1st period - Snap shot by Bo Horvat.
4:26 of 1st period - Shot Blocked by Mike Reilly.
5:37 of 1st period - Roman Polak is hit by Andrew Ladd and loses puck.
5:44 of 1st period - Alexei Emelin is hit by Roman Polak and loses puck.
6:04 of 1st period - Ben Hutton is hit by Anthony Cirelli and loses puck.
6:29 of 1st period - Darren Archibald is hit by Clayton Keller and loses puck.
6:52 of 1st period - Alexei Emelin is hit by Kevin Labanc and loses puck.
7:16 of 1st period - Icing by Dan Hamhuis.
7:17 of 1st period - Bo Horvat wins face-off versus Christian Dvorak in Vancouver Canucks zone.
7:24 of 1st period - Snap shot by Andrew Ladd.
7:24 of 1st period - Stopped by Cam Talbot without a rebound.
7:25 of 1st period - David Desharnais wins face-off versus Logan Couture in San Jose Sharks zone.
7:48 of 1st period - Ben Hutton is hit by Christian Dvorak and loses puck.
8:15 of 1st period - Slapshot by Kevin Labanc.
8:15 of 1st period - Shot Misses the Net.
8:52 of 1st period - Snap shot by Logan Couture.
8:52 of 1st period - Stopped by Jacob Markstrom without a rebound.
8:53 of 1st period - Bo Horvat wins face-off versus Clayton Keller in Vancouver Canucks zone.
8:53 of 1st period - Bo Horvat is hit by Clayton Keller.
9:01 of 1st period - Snap shot by Bo Horvat.
9:01 of 1st period - Stopped by Cam Talbot without a rebound.
9:02 of 1st period - Bo Horvat wins face-off versus Chris Tierney in San Jose Sharks zone.
9:31 of 1st period - Backhand shot by Darren Archibald.
9:31 of 1st period - Shot Blocked by Karl Alzner.
9:33 of 1st period - Snap shot by Darren Archibald.
9:33 of 1st period - Shot Hit the Post.
9:35 of 1st period - Snap shot by Troy Stecher.
9:35 of 1st period - Stopped by Cam Talbot with a rebound.
10:33 of 1st period - Snap shot by Kevin Labanc.
10:33 of 1st period - Deflect By Chris Tierney.
10:33 of 1st period - Shot Misses the Net.
10:33 of 1st period - Puck is out of play.
10:34 of 1st period - Logan Shaw wins face-off versus Clayton Keller in Vancouver Canucks zone.
11:16 of 1st period - Wrist shot by Timo Meier.
11:16 of 1st period - Shot Misses the Net.
11:18 of 1st period - Wrist shot by Kevin Labanc.
11:18 of 1st period - Shot Misses the Net.
11:20 of 1st period - Wrist shot by Chris Tierney.
11:20 of 1st period - Deflect By Timo Meier.
11:20 of 1st period - Shot Blocked by Matt Calvert.
11:20 of 1st period - Puck is out of play.
11:21 of 1st period - Christian Dvorak wins face-off versus Logan Shaw in Vancouver Canucks zone.
11:42 of 1st period - Penalty Shot by Logan Shaw for Vancouver Canucks.
11:42 of 1st period - Wrist shot by Logan Shaw.
11:42 of 1st period - Stopped by Cam Talbot.
11:43 of 1st period - Chris Tierney wins face-off versus David Desharnais in Vancouver Canucks zone.
12:08 of 1st period - Cal Clutterbuck is hit by Clayton Keller and loses puck.
13:15 of 1st period - Ben Hutton is hit by Drew Stafford and loses puck.
13:34 of 1st period - Snap shot by Drew Stafford.
13:34 of 1st period - Shot Misses the Net.
13:48 of 1st period - Wrist shot by Tommy Wingels.
13:48 of 1st period - Shot Blocked by Connor Murphy.
13:50 of 1st period - Snap shot by Drew Stafford.
13:50 of 1st period - Shot Misses the Net.
13:52 of 1st period - Wrist shot by Tommy Wingels.
13:52 of 1st period - Deflect By Drew Stafford.
13:52 of 1st period - Shot Misses the Net.
13:52 of 1st period - Puck is out of play.
13:53 of 1st period - Chris Tierney wins face-off versus Bo Horvat in Vancouver Canucks zone.
13:54 of 1st period - Slapshot by Timo Meier.
13:54 of 1st period - Shot Blocked by Troy Stecher.
13:56 of 1st period - Minor Penalty to Alexei Emelin for High sticking.
13:57 of 1st period - Bo Horvat wins face-off versus Logan Couture in Vancouver Canucks zone.
15:56 of 1st period - Penalty to Alexei Emelin is over, Alexei Emelin is back on ice.
15:57 of 1st period - Andrew Ladd is hit by Andre Burakovsky and loses puck.
16:08 of 1st period - Artem Anisimov is hit by Mike Reilly.
16:12 of 1st period - Mike Reilly is hit by Troy Stecher and loses puck.
16:21 of 1st period - Mike Reilly is hit by Troy Stecher and loses puck.
17:00 of 1st period - Slapshot by Drew Stafford.
17:00 of 1st period - Shot Misses the Net.
17:02 of 1st period - Wrist shot by Tommy Wingels.
17:02 of 1st period - Shot Blocked by Dan Hamhuis.
17:04 of 1st period - Snap shot by Tommy Wingels.
17:04 of 1st period - Stopped by Jacob Markstrom without a rebound.
17:05 of 1st period - Matt Calvert wins face-off versus Christian Dvorak in Vancouver Canucks zone.
17:12 of 1st period - Bo Horvat is hit by Tyler Ennis and loses puck.
17:17 of 1st period - Wrist shot by Christian Dvorak.
17:17 of 1st period - Stopped by Jacob Markstrom without a rebound.
17:18 of 1st period - Chris Tierney wins face-off versus Bo Horvat in Vancouver Canucks zone.
17:47 of 1st period - Icing by Joakim Ryan.
17:48 of 1st period - Logan Couture wins face-off versus Logan Shaw in San Jose Sharks zone.
17:48 of 1st period - Logan Couture is hit by Jake Virtanen.
17:54 of 1st period - Slapshot by Brent Burns.
17:54 of 1st period - Shot Misses the Net.
17:59 of 1st period - Minor Penalty to Clayton Keller for Holding.
18:00 of 1st period - Anthony Cirelli wins face-off versus David Desharnais in San Jose Sharks zone.
19:53 of 1st period - Brent Burns is hit by Logan Shaw.
19:59 of 1st period - Penalty to Clayton Keller is over, Clayton Keller is back on ice.
Goals for this period are 0 for San Jose Sharks vs 0 for Vancouver Canucks.
Shots for this period are 3 for San Jose Sharks vs 3 for Vancouver Canucks.

2nd period


0:01 of 2nd period - Chris Tierney wins face-off versus Cal Clutterbuck in neutral zone.
0:04 of 2nd period - Slapshot by Brent Burns.
0:04 of 2nd period - Stopped by Jacob Markstrom without a rebound.
0:05 of 2nd period - Chris Tierney wins face-off versus Bo Horvat in Vancouver Canucks zone.
0:14 of 2nd period - Snap shot by Kevin Labanc.
0:14 of 2nd period - Stopped by Jacob Markstrom with a rebound.
0:16 of 2nd period - Slapshot by Karl Alzner.
0:16 of 2nd period - Deflect By Kevin Labanc.
0:16 of 2nd period - Stopped by Jacob Markstrom without a rebound.
0:17 of 2nd period - Bo Horvat wins face-off versus Chris Tierney in Vancouver Canucks zone.
0:19 of 2nd period - Minor Penalty to Matt Calvert for Hooking.
0:20 of 2nd period - Chris Tierney wins face-off versus Logan Shaw in Vancouver Canucks zone.
0:44 of 2nd period - Mikkel Boedker is hit by Ben Hutton and loses puck.
0:52 of 2nd period - Wrist shot by Bo Horvat.
0:52 of 2nd period - Shot Misses the Net.
0:54 of 2nd period - Slapshot by Ben Hutton.
0:54 of 2nd period - Stopped by Cam Talbot without a rebound.
0:55 of 2nd period - Chris Tierney wins face-off versus Logan Shaw in San Jose Sharks zone.
1:00 of 2nd period - Slapshot by Kevin Labanc.
1:00 of 2nd period - Goal by Kevin Labanc - San Jose Sharks : 1 - Vancouver Canucks : 0.
1:01 of 2nd period - Logan Couture wins face-off versus Bo Horvat in neutral zone.
1:16 of 2nd period - Wrist shot by Bo Horvat.
1:16 of 2nd period - Stopped by Cam Talbot without a rebound.
1:17 of 2nd period - Chris Tierney wins face-off versus David Desharnais in San Jose Sharks zone.
1:17 of 2nd period - Chris Tierney is hit by Alex Biega.
1:41 of 2nd period - Logan Couture is hit by Bo Horvat and loses puck.
2:05 of 2nd period - Wrist shot by Andre Burakovsky.
2:05 of 2nd period - Shot Blocked by Darren Archibald.
2:07 of 2nd period - Snap shot by Karl Alzner.
2:07 of 2nd period - Deflect By Andre Burakovsky.
2:07 of 2nd period - Shot Misses the Net.
2:07 of 2nd period - Puck is out of play.
2:08 of 2nd period - David Desharnais wins face-off versus Timo Meier in Vancouver Canucks zone.
2:13 of 2nd period - Snap shot by David Desharnais.
2:13 of 2nd period - Shot Blocked by Roman Polak.
2:58 of 2nd period - Darren Archibald is hit by Mikkel Boedker and loses puck.
3:03 of 2nd period - Snap shot by Logan Couture.
3:03 of 2nd period - Stopped by Jacob Markstrom without a rebound.
3:04 of 2nd period - Chris Tierney wins face-off versus David Desharnais in Vancouver Canucks zone.
3:19 of 2nd period - Snap shot by Chris Tierney.
3:19 of 2nd period - Goal by Chris Tierney - San Jose Sharks : 2 - Vancouver Canucks : 0.
3:20 of 2nd period - Bo Horvat wins face-off versus Clayton Keller in neutral zone.
3:23 of 2nd period - Wrist shot by Matt Calvert.
3:23 of 2nd period - Shot Misses the Net.
3:25 of 2nd period - Snap shot by Cal Clutterbuck.
3:25 of 2nd period - Shot Misses the Net.
3:27 of 2nd period - Snap shot by Bo Horvat.
3:27 of 2nd period - Shot Misses the Net.
3:29 of 2nd period - Wrist shot by Cal Clutterbuck.
3:29 of 2nd period - Goal by Cal Clutterbuck - San Jose Sharks : 2 - Vancouver Canucks : 1.
3:30 of 2nd period - Bo Horvat wins face-off versus Kevin Labanc in neutral zone.
3:43 of 2nd period - Snap shot by Bo Horvat.
3:43 of 2nd period - Stopped by Cam Talbot with a rebound.
3:45 of 2nd period - Backhand shot by Troy Stecher.
3:45 of 2nd period - Stopped by Cam Talbot without a rebound.
3:46 of 2nd period - David Desharnais wins face-off versus Logan Couture in San Jose Sharks zone.
4:23 of 2nd period - Icing by Tyler Ennis.
4:24 of 2nd period - Logan Shaw wins face-off versus Tyler Ennis in San Jose Sharks zone.
4:27 of 2nd period - Snap shot by Logan Shaw.
4:27 of 2nd period - Shot Blocked by Karl Alzner.
4:29 of 2nd period - Wrist shot by Alexei Emelin.
4:29 of 2nd period - Deflect By Logan Shaw.
4:29 of 2nd period - Shot Misses the Net.
4:29 of 2nd period - Puck is out of play.
4:30 of 2nd period - Logan Shaw wins face-off versus Chris Tierney in San Jose Sharks zone.
4:33 of 2nd period - Wrist shot by Logan Shaw.
4:33 of 2nd period - Shot Misses the Net.
4:35 of 2nd period - Slapshot by Jake Virtanen.
4:35 of 2nd period - Stopped by Cam Talbot without a rebound.
4:36 of 2nd period - Chris Tierney wins face-off versus Bo Horvat in San Jose Sharks zone.
5:24 of 2nd period - Dan Hamhuis is hit by Karl Alzner and loses puck.
6:31 of 2nd period - Mike Reilly is hit by Bo Horvat and loses puck.
7:02 of 2nd period - Snap shot by Alex Biega.
7:02 of 2nd period - Shot Blocked by Roman Polak.
7:22 of 2nd period - Snap shot by Kevin Labanc.
7:22 of 2nd period - Shot Blocked by Darren Archibald.
7:34 of 2nd period - Wrist shot by Andrew Ladd.
7:34 of 2nd period - Shot Misses the Net.
8:31 of 2nd period - Cal Clutterbuck is hit by Kevin Labanc and loses puck.
8:38 of 2nd period - Slapshot by Chris Tierney.
8:38 of 2nd period - Shot Misses the Net.
9:08 of 2nd period - Snap shot by Chris Tierney.
9:08 of 2nd period - Shot Misses the Net.
9:34 of 2nd period - Andrew Ladd is hit by Brent Burns and loses puck.
10:06 of 2nd period - Artem Anisimov is hit by Anthony Cirelli and loses puck.
12:26 of 2nd period - Kevin Labanc is hit by Alex Biega and loses puck.
12:34 of 2nd period - Icing by Roman Polak.
12:35 of 2nd period - Logan Couture wins face-off versus David Desharnais in San Jose Sharks zone.
12:35 of 2nd period - Logan Couture is hit by Connor Murphy.
12:56 of 2nd period - Drew Stafford is hit by Connor Murphy and loses puck.
13:07 of 2nd period - Alex Biega is hit by Tyler Ennis and loses puck.
13:40 of 2nd period - Dan Hamhuis is hit by Roman Polak and loses puck.
13:51 of 2nd period - Dan Hamhuis is hit by Tyler Ennis and loses puck.
14:58 of 2nd period - Christian Dvorak is hit by Matt Calvert and loses puck.
15:46 of 2nd period - Connor Murphy is hit by Karl Alzner.
16:09 of 2nd period - Alex Biega is hit by Anthony Cirelli and loses puck.
16:23 of 2nd period - Icing by Richard Panik.
16:24 of 2nd period - Artem Anisimov wins face-off versus Christian Dvorak in Vancouver Canucks zone.
16:29 of 2nd period - Artem Anisimov is hit by Christian Dvorak and loses puck.
16:36 of 2nd period - Snap shot by Christian Dvorak.
16:36 of 2nd period - Stopped by Jacob Markstrom without a rebound.
16:37 of 2nd period - Logan Shaw wins face-off versus Logan Couture in Vancouver Canucks zone.
17:33 of 2nd period - Slapshot by Brent Burns.
17:33 of 2nd period - Shot Blocked by Connor Murphy.
18:30 of 2nd period - Dan Hamhuis is hit by Logan Couture and loses puck.
19:11 of 2nd period - David Desharnais is hit by Andre Burakovsky and loses puck.
19:26 of 2nd period - Dan Hamhuis is hit by Chris Tierney and loses puck.
19:33 of 2nd period - Snap shot by Timo Meier.
19:33 of 2nd period - Stopped by Jacob Markstrom with a rebound.
Goals for this period are 2 for San Jose Sharks vs 1 for Vancouver Canucks.
Shots for this period are 8 for San Jose Sharks vs 6 for Vancouver Canucks.

3rd period


0:01 of 3rd period - Chris Tierney wins face-off versus Bo Horvat in neutral zone.
0:04 of 3rd period - Slapshot by Brent Burns.
0:04 of 3rd period - Stopped by Jacob Markstrom with a rebound.
0:06 of 3rd period - Slapshot by Kevin Labanc.
0:06 of 3rd period - Goal by Kevin Labanc - San Jose Sharks : 3 - Vancouver Canucks : 1.
0:07 of 3rd period - Bo Horvat wins face-off versus Chris Tierney in neutral zone.
0:29 of 3rd period - Icing by Alexei Emelin.
0:30 of 3rd period - Bo Horvat wins face-off versus Logan Couture in Vancouver Canucks zone.
1:00 of 3rd period - Alexei Emelin is hit by Roman Polak.
1:19 of 3rd period - Slapshot by Karl Alzner.
1:19 of 3rd period - Stopped by Jacob Markstrom without a rebound.
1:20 of 3rd period - Bo Horvat wins face-off versus Logan Couture in Vancouver Canucks zone.
1:27 of 3rd period - Snap shot by Dan Hamhuis.
1:27 of 3rd period - Shot Blocked by Karl Alzner.
1:31 of 3rd period - Wrist shot by Bo Horvat.
1:31 of 3rd period - Shot Misses the Net.
1:33 of 3rd period - Wrist shot by Cal Clutterbuck.
1:33 of 3rd period - Shot Misses the Net.
1:35 of 3rd period - Slapshot by Alex Biega.
1:35 of 3rd period - Shot Misses the Net.
1:52 of 3rd period - Backhand shot by Ryan Callahan.
1:52 of 3rd period - Stopped by Cam Talbot without a rebound.
1:53 of 3rd period - Logan Shaw wins face-off versus Christian Dvorak in San Jose Sharks zone.
3:17 of 3rd period - Snap shot by Christian Dvorak.
3:17 of 3rd period - Shot Misses the Net.
3:25 of 3rd period - Cal Clutterbuck is hit by Brent Burns and loses puck.
3:44 of 3rd period - Clayton Keller is hit by Cal Clutterbuck and loses puck.
3:51 of 3rd period - Cal Clutterbuck is hit by Mike Reilly and loses puck.
4:04 of 3rd period - Slapshot by Andrew Ladd.
4:04 of 3rd period - Shot Misses the Net.
4:36 of 3rd period - Jake Virtanen is hit by Roman Polak and loses puck.
4:53 of 3rd period - Jake Virtanen is hit by Kevin Labanc and loses puck.
5:00 of 3rd period - Wrist shot by Brent Burns.
5:00 of 3rd period - Stopped by Jacob Markstrom without a rebound.
5:01 of 3rd period - David Desharnais wins face-off versus Logan Couture in Vancouver Canucks zone.
5:05 of 3rd period - Off-side.
5:06 of 3rd period - Logan Couture wins face-off versus David Desharnais in neutral zone.
5:12 of 3rd period - Brent Burns is hit by Ryan Callahan and loses puck.
5:18 of 3rd period - Minor Penalty to Troy Stecher for Roughing.
5:19 of 3rd period - Chris Tierney wins face-off versus Cal Clutterbuck in Vancouver Canucks zone.
5:24 of 3rd period - Slapshot by Kevin Labanc.
5:24 of 3rd period - Goal by Kevin Labanc - San Jose Sharks : 4 - Vancouver Canucks : 1.
5:24 of 3rd period - Thatcher Demko enters game.
5:25 of 3rd period - Bo Horvat wins face-off versus Chris Tierney in neutral zone.
5:32 of 3rd period - Wrist shot by Bo Horvat.
5:32 of 3rd period - Shot Misses the Net.
5:40 of 3rd period - Brent Burns is hit by Cal Clutterbuck.
5:50 of 3rd period - Brent Burns is hit by David Desharnais and loses puck.
5:57 of 3rd period - Wrist shot by Andrew Ladd.
5:57 of 3rd period - Shot Blocked by Mike Reilly.
6:33 of 3rd period - Snap shot by Anthony Cirelli.
6:33 of 3rd period - Stopped by Thatcher Demko without a rebound.
6:34 of 3rd period - Cal Clutterbuck wins face-off versus Anthony Cirelli in Vancouver Canucks zone.
6:39 of 3rd period - Snap shot by Anthony Cirelli.
6:39 of 3rd period - Stopped by Thatcher Demko without a rebound.
6:40 of 3rd period - Chris Tierney wins face-off versus Bo Horvat in Vancouver Canucks zone.
6:41 of 3rd period - Snap shot by Kevin Labanc.
6:41 of 3rd period - Stopped by Thatcher Demko with a rebound.
7:11 of 3rd period - Slapshot by Clayton Keller.
7:11 of 3rd period - Stopped by Thatcher Demko without a rebound.
7:12 of 3rd period - Christian Dvorak wins face-off versus David Desharnais in Vancouver Canucks zone.
7:13 of 3rd period - Wrist shot by Tyler Ennis.
7:13 of 3rd period - Stopped by Thatcher Demko with a rebound.
7:23 of 3rd period - Snap shot by Andrew Ladd.
7:23 of 3rd period - Shot Misses the Net.
7:31 of 3rd period - Slapshot by Andrew Ladd.
7:31 of 3rd period - Shot Blocked by Christian Dvorak.
7:48 of 3rd period - Joakim Ryan is hit by Andrew Ladd and loses puck.
8:05 of 3rd period - Wrist shot by Andrew Ladd.
8:05 of 3rd period - Stopped by Cam Talbot with a rebound.
8:09 of 3rd period - Snap shot by Andrew Ladd.
8:09 of 3rd period - Shot Misses the Net.
8:11 of 3rd period - Wrist shot by David Desharnais.
8:11 of 3rd period - Shot Misses the Net.
8:13 of 3rd period - Wrist shot by Ryan Callahan.
8:13 of 3rd period - Deflect By Andrew Ladd.
8:13 of 3rd period - Stopped by Cam Talbot with a rebound.
8:15 of 3rd period - Slapshot by Dan Hamhuis.
8:15 of 3rd period - Stopped by Cam Talbot without a rebound.
8:16 of 3rd period - Chris Tierney wins face-off versus Bo Horvat in San Jose Sharks zone.
8:16 of 3rd period - Chris Tierney is hit by Matt Calvert.
8:26 of 3rd period - Wrist shot by Brent Burns.
8:26 of 3rd period - Shot Misses the Net.
8:28 of 3rd period - Slapshot by Brent Burns.
8:28 of 3rd period - Deflect By Chris Tierney.
8:28 of 3rd period - Shot Misses the Net.
8:28 of 3rd period - Puck is out of play.
8:29 of 3rd period - Logan Shaw wins face-off versus Logan Couture in Vancouver Canucks zone.
8:29 of 3rd period - Logan Shaw is hit by Clayton Keller.
8:32 of 3rd period - Minor Penalty to Darren Archibald for Hooking.
8:33 of 3rd period - Logan Couture wins face-off versus Logan Shaw in Vancouver Canucks zone.
8:43 of 3rd period - Snap shot by Clayton Keller.
8:43 of 3rd period - Stopped by Thatcher Demko with a rebound.
10:26 of 3rd period - Mikkel Boedker is hit by Ben Hutton and loses puck.
10:32 of 3rd period - Penalty to Darren Archibald is over, Darren Archibald is back on ice.
10:33 of 3rd period - Darren Archibald is hit by Brent Burns and loses puck.
10:52 of 3rd period - Snap shot by Christian Dvorak.
10:52 of 3rd period - Shot Hit the Post.
11:22 of 3rd period - Artem Anisimov is hit by Andre Burakovsky and loses puck.
13:29 of 3rd period - Icing by Andrew Ladd.
13:30 of 3rd period - Logan Shaw wins face-off versus Anthony Cirelli in Vancouver Canucks zone.
13:35 of 3rd period - Ben Hutton is hit by Tommy Wingels.
13:47 of 3rd period - Snap shot by Richard Panik.
13:47 of 3rd period - Stopped by Cam Talbot without a rebound.
13:48 of 3rd period - Artem Anisimov wins face-off versus Chris Tierney in San Jose Sharks zone.
13:52 of 3rd period - Icing by Chris Tierney.
13:53 of 3rd period - Bo Horvat wins face-off versus Chris Tierney in San Jose Sharks zone.
13:54 of 3rd period - Snap shot by Matt Calvert.
13:54 of 3rd period - Stopped by Cam Talbot with a rebound.
14:07 of 3rd period - Snap shot by Chris Tierney.
14:07 of 3rd period - Stopped by Thatcher Demko with a rebound.
14:41 of 3rd period - Off-side.
14:42 of 3rd period - Chris Tierney wins face-off versus Logan Shaw in neutral zone.
14:51 of 3rd period - Snap shot by Chris Tierney.
14:51 of 3rd period - Stopped by Thatcher Demko with a rebound.
16:16 of 3rd period - Ben Hutton is hit by Karl Alzner and loses puck.
16:53 of 3rd period - Kevin Labanc is hit by Logan Shaw and loses puck.
17:08 of 3rd period - Richard Panik is hit by Roman Polak.
17:18 of 3rd period - Tyler Ennis is hit by Ryan Callahan and loses puck.
17:24 of 3rd period - Icing by Christian Dvorak.
17:25 of 3rd period - Christian Dvorak wins face-off versus David Desharnais in San Jose Sharks zone.
19:31 of 3rd period - Wrist shot by Richard Panik.
19:31 of 3rd period - Stopped by Cam Talbot with a rebound.
19:33 of 3rd period - Wrist shot by Logan Shaw.
19:33 of 3rd period - Stopped by Cam Talbot without a rebound.
19:34 of 3rd period - Artem Anisimov wins face-off versus Logan Couture in San Jose Sharks zone.
Goals for this period are 2 for San Jose Sharks vs 0 for Vancouver Canucks.
Shots for this period are 13 for San Jose Sharks vs 8 for Vancouver Canucks.